 Dungeon Crawl Stone Soup version 0.18-a0-987-g0b0e4e7 (webtiles) character file.

219 sugabear the Ducker (level 5, -6/27 HPs)
             Began as a Vine Stalker Gladiator on Jan 3, 2016.
             Was a Follower of Qazlal.
             Mangled by an orc
             ... wielding a +1 dagger of electrocution
              (14 damage)
             ... on level 3 of the Dungeon.
             The game lasted 00:04:35 (2022 turns).

sugabear the Ducker (Vine Stalker Gladiator)        Turns: 2022, Time: 00:04:35

Health: -6/27      AC:  6    Str: 18    XL:     5   Next: 96%
Magic:  0/7        EV: 12    Int:  8    God:    Qazlal [*.....]
Gold:   107        SH:  1    Dex: 15    Spells: 0 memorised, 4 levels left

rFire  . . .     SeeInvis .     a - +0 flail
rCold  . . .     Gourm    .     g - +0 ring mail
rNeg   . . .     Faith    .     (no shield)
rPois  .         Spirit   +     c - +0 helmet
rElec  .         Dismiss  .     (no cloak)
rCorr  .         Reflect  .     (no gloves)
SustAt .         Harm     .     (no boots)
MR     .....                    (no amulet)
Stlth  +.........               (no ring)
                                (no ring)

@: not resistant to hostile enchantments, very unstealthy
A: fangs 2, regeneration 1, magic shield, antimagic bite, no device heal 3, rot
immunity
a: Renounce Religion


You were on level 3 of the Dungeon.
You worshipped Qazlal.
Qazlal was aware of your devotion.
You were not hungry.

You visited 1 branch of the dungeon, and saw 3 of its levels.

You collected 107 gold pieces.

Inventory:

Hand Weapons
 a - a +0 flail (weapon)
 b - a +0 hunting sling
Missiles
 d - 2 throwing nets
 q - 183 stones (quivered)
Armour
 c - a +0 helmet (worn)
 g - a +0 ring mail (worn)
 p - a +0 leather armour
Jewellery
 t - a +4 ring of protection {unknown}
Wands
 s - a wand of fireball (12/15)
Scrolls
 h - a scroll of immolation {unknown}
 i - 2 scrolls of random uselessness {unknown}
 j - 2 scrolls of teleportation {unknown}
 n - 5 scrolls of identify {unknown}
 o - a scroll of enchant weapon {unknown}
Potions
 e - 2 potions of resistance {unknown}
 k - 4 potions of curing {unknown}
 m - a potion of cure mutation {unknown}
Comestibles
 f - a bread ration
 l - a beef jerky
 r - 6 chunks of flesh


   Skills:
 + Level 2.4 Fighting
 + Level 3.2 Maces & Flails
 + Level 0.5(1.4) Slings
 + Level 2.1 Throwing
 + Level 2.2 Armour
 + Level 3.4 Dodging
 * Level 1.6 Invocations


You had 4 spell levels left.
You didn't know any spells.

Dungeon Overview and Level Annotations

Branches:
Dungeon (3/15)

Altars:
Qazlal


Innate Abilities, Weirdness & Mutations

You have extremely sharp teeth.
Your natural rate of healing is unusually fast.
When hurt, damage is shared between your health and your magic reserves.
Your bite disrupts and absorbs the magic of your enemies.
Potions and wands cannot restore your health.
You are immune to rotting.


Message History

The orc hits you with a dagger of electrocution.
You are electrocuted!
* * * LOW HITPOINT WARNING * * *
You are too injured to fight recklessly!
You are too injured to fight recklessly!
You are too injured to fight recklessly!
You are too injured to fight recklessly!
Things that are here:
a +0 hand axe of freezing; a ring mail
Things that are here:
a dagger; a ring mail You see here 2 throwing nets.
d - 2 throwing nets The orc hits you but does no damage.
You hit the orc but do no damage. Your bite misses the orc.
The orc hits you with a dagger of electrocution.
* * * LOW HITPOINT WARNING * * *
You are electrocuted!
Ouch! That really hurt!
You die...

....... .. #....... #######
#.## #....##. # ..# #....# #
#.# #....# # #
####.#####....##..# #######
#.......##....##..# ......#
#.......#(.......... #####.#
#..÷....#...†..#..## #.#
#......o@.........# #.#
#.......##.#...#.## #)#
#.......##.##.#...####.#
#.###.......##.##...#......#
#$.....#######.# ##...######
######.# #.# ##.## #.#
#.#####[# #.# #.#.....# #.#
#.#.#####


You could see an orc.

Vanquished Creatures
  A giant frog (D:2)
  An orc priest (D:3)
  Terence (D:3)
  A gnoll (D:1)
  3 adders
  An ooze (D:1)
  A worm (D:2)
  5 orcs (D:3)
  A ball python (D:1)
  8 bats
  A giant cockroach (D:2)
  8 goblins
  4 hobgoblins
  6 jackals
  A quokka (D:2)
  4 giant newts
  6 kobolds
  3 rats (D:1)
56 creatures vanquished.

Notes
Turn   | Place    | Note
--------------------------------------------------------------
     0 | D:1      | sugabear the Vine Stalker Gladiator began the quest for the Orb.
     0 | D:1      | Reached XP level 1. HP: 11/11 MP: 2/2
    78 | D:1      | Reached XP level 2. HP: 13/15 MP: 3/3
   181 | D:1      | Reached skill level 3 in Maces & Flails
   331 | D:1      | Reached XP level 3. HP: 16/18 MP: 4/4
   738 | D:2      | Found a stormy altar of Qazlal.
   747 | D:2      | Became a worshipper of Qazlal Stormbringer
  1012 | D:2      | Reached XP level 4. HP: 23/23 MP: 5/5
  1406 | D:3      | Noticed a giant frog
  1418 | D:2      | Killed a giant frog
  1418 | D:2      | Reached skill level 1 in Armour
  1418 | D:2      | Reached skill level 1 in Invocations
  1418 | D:2      | Reached XP level 5. HP: 4/27 MP: 0/6
  1855 | D:3      | Noticed Terence
  1867 | D:3      | Killed Terence
  1964 | D:3      | Reached * piety under Qazlal
  2022 | D:3      | Mangled by an orc

Vault maps used:
D:1:      dpeg_arrival_solitude
D:2:      grunt_qazlal_sundering
D:3:      uniq_terence

Action                   |  1- 3 |  4- 6 || total
-------------------------+-------+-------++-------
Melee: Flail             |    81 |    66 ||   147
 Fire: Hunting sling     |       |    25 ||    25
Throw: Throwing net      |       |     4 ||     4
  Eat: Chunk             |       |     4 ||     4
